 Dungeon Crawl Stone Soup version 0.23.1 (webtiles) character file.

Game seed: 10981009548162404508

408 vishdafish the Shield-Bearer (level 7, -6/55 HPs)
             Began as a Formicid Fighter on Mar 15, 2019.
             Was an Initiate of Vehumet.
             Killed by divine providence
             ... invoked by an orc priest
              (14 damage)
             ... on level 5 of the Dungeon.
             The game lasted 00:04:04 (3447 turns).

vishdafish the Shield-Bearer (Formicid Fighter)     Turns: 3447, Time: 00:04:05

Health: -6/55      AC:  8    Str: 22    XL:     7   Next: 13%
Magic:  18/18      EV:  8    Int:  8    God:    Vehumet [......]
Gold:   204        SH: 14    Dex: 10    Spells: 8/8 levels left

rFire    . . .     SeeInvis +   a - +0 war axe
rCold    . . .     Gourm    .   q - +4 shield of Qazlal {MP+9}
rNeg     . . .     Faith    .   b - +0 scale mail
rPois    .         Spirit   .   (helmet unavailable)
rElec    .         Reflect  .   h - scarf {repulsion}
rCorr    .         Harm     .   s - +0 pair of gloves
MR       .....                  (no boots)
Stlth    ..........             (no amulet)
HPRegen  0.18/turn              (no ring)
MPRegen  0.16/turn              (no ring)

@: repel missiles
A: permanent stasis, dig shafts and tunnels, four strong arms, antennae 3
a: Dig, Shaft Self, Renounce Religion


You were on level 5 of the Dungeon.
You worshipped Vehumet.
Vehumet was noncommittal.
You were not hungry.

You visited 1 branch of the dungeon, and saw 5 of its levels.

You collected 204 gold pieces.

Inventory:

Hand Weapons
 a - a +0 war axe (weapon)
Missiles
 j - 11 tomahawks (quivered)
Armour
 b - a +0 scale mail (worn)
 c - a +0 shield
 h - a scarf of repulsion (worn)
 m - a scarf of cloud immunity
 q - the +4 shield of Qazlal (worn) {MP+9}
   (You found it on level 4 of the Dungeon)

   It affects your magic capacity (+9).
 s - a +0 pair of gloves (worn)
Magical Staves
 t - an uncursed staff of summoning
Wands
 o - a wand of enslavement (4)
Scrolls
 g - 2 scrolls of enchant weapon
 i - 2 scrolls of teleportation
 k - a scroll of remove curse {unknown}
 r - a scroll of blinking
Potions
 n - a potion of flight
 p - a potion of brilliance
 u - 2 potions of haste
Comestibles
 d - 3 chunks of flesh
 f - 2 rations


   Skills:
 - Level 4.5 Fighting
 + Level 4.7 Axes
 - Level 4.5 Armour
 - Level 5.0 Shields
 + Level 1.3 Spellcasting


You had 8 spell levels left.
You didn't know any spells.
Your spell library was empty.

Dungeon Overview and Level Annotations

Branches:
Dungeon (5/15)
 Temple: D:4-7

Altars:
Ashenzari
Vehumet
Xom


Innate Abilities, Weirdness & Mutations

You cannot be hasted, slowed, berserked, paralysed or teleported.
You can dig through walls and to a lower floor.
Your four strong arms can wield two-handed weapons with a shield.
You have a pair of large antennae on your head. (SInv)


Message History

Evoke which item? (* to show all) (? for menu, Esc to quit)
You don't have any such object.
Evoke which item? (* to show all) (? for menu, Esc to quit)
Okay, then.
You closely miss the orc priest. You block the orc priest's attack.
Okay, then.
You hit the orc priest.
The orc priest is heavily wounded.
The orc priest invokes the aid of Beogh against you.
Pain shoots through your body!
* * * LOW HITPOINT WARNING * * *
The orc priest hits you but does no damage.
You hit the orc priest.
The orc priest is almost dead.
You block the orc priest's attack.
You barely miss the orc priest.
The orc priest is almost dead.
The orc priest invokes the aid of Beogh against you.
Beogh smites you!
You die...

+......#
#......###
##.......#
##.....##
##...## ##'##
#.#
#.########>#
#..oooo@...#
#########...#
.....#
##...##
##.... #.####
#.# .#


You could see an orc priest and 3 orcs.

Vanquished Creatures
  5 crimson imps
  An orc wizard (D:4)
  2 worker ants (D:4)
  Robin (D:3)
  4 adders
  2 adder skeletons
  3 worms
  2 dart slugs (D:1)
  2 leopard geckos
  7 orcs
  7 bats
  4 giant cockroaches
  8 goblins
  12 hobgoblins
  11 jackals
  3 quokkas
  A ball python (D:4)
  A frilled lizard (D:3)
  10 kobolds
  2 rats
88 creatures vanquished.

Notes
Turn   | Place    | Note
-------+----------+-------------------------------------------
     0 | D:1      | vishdafish the Formicid Fighter began the quest for the
                  | Orb.
     0 | D:1      | Reached XP level 1. HP: 18/18 MP: 1/1
   254 | D:1      | Reached XP level 2. HP: 24/24 MP: 2/2
   746 | D:2      | Reached XP level 3. HP: 26/29 MP: 3/3
   842 | D:2      | Reached skill level 4 in Shields
  1090 | D:2      | Reached XP level 4. HP: 37/37 MP: 4/4
  1908 | D:3      | Noticed Robin
  1924 | D:3      | Killed Robin
  1924 | D:3      | Reached XP level 5. HP: 37/42 MP: 5/5
  2092 | D:3      | Found a radiant altar of Vehumet.
  2103 | D:3      | Found a shimmering altar of Xom.
  2144 | D:3      | Reached XP level 6. HP: 48/48 MP: 6/6
  2243 | D:3      | Became a worshipper of Vehumet
  2606 | D:4      | Reached skill level 5 in Shields
  2906 | D:4      | Got a faintly glowing shield
  2917 | D:4      | Identified the +4 shield of Qazlal {MP+9} (You found it on
                  | level 4 of the Dungeon)
  3253 | D:4      | Found a shattered altar of Ashenzari.
  3281 | D:4      | Reached XP level 7. HP: 31/55 MP: 8/8
  3378 | D:5      | Entered Level 5 of the Dungeon
  3419 | D:5      | Reached skill level 1 in Spellcasting
  3447 | D:5      | Killed from afar by an orc priest

Skill      XL: |  1  2  3  4  5  6  7 |
---------------+----------------------+-----
Shields        | 4 5 |  5.0
Axes           | 3 4 |  4.7
Fighting       | 4 |  4.5
Armour         | 4 |  4.5
Spellcasting   | 1 |  1.3

Action                   |  1- 3 |  4- 6 |  7- 9 || total
-------------------------+-------+-------+-------++-------
Melee: War axe           |    85 |   195 |    33 ||   313
Evoke: Wand              |       |       |     2 ||     2
  Use: Scroll            |       |     7 |       ||     7
       Potion            |       |     2 |       ||     2
  Eat: Chunk             |       |     7 |     2 ||     9
Armor: Scale mail        |    44 |    95 |    11 ||   150
Dodge: Dodged            |    29 |    64 |     5 ||    98
       Deflected         |     1 |       |       ||     1
Block: Shield            |    45 |   115 |    14 ||   174
